 Dungeon Crawl Stone Soup version 0.28.0-43-g3370ac3207 (webtiles) character file.

Game seed: 2748956243942724187

32 adizb the Ruffian (level 3, -3/36 HPs)
             Began as a Troll Monk on Mar 13, 2022.
             Slain by a gnoll
             ... wielding a +0 spear
              (4 damage)
             ... on level 2 of the Dungeon.
             The game lasted 00:04:21 (1221 turns).

adizb the Ruffian (Troll Monk)                      Turns: 1221, Time: 00:04:22

Health: -3/36      AC:  4    Str: 21    XL:     3   Next: 8%
Magic:  2/2        EV: 10    Int:  4    God:
Gold:   42         SH:  0    Dex: 12    Spells: 2/2 levels left

rFire   . . .      SeeInvis .     - Unarmed
rCold   . . .      Faith    .   (no shield)
rNeg    . . .      Spirit   .   a - +0 robe
rPois   .          Reflect  .   (helmet restricted)
rElec   .          Harm     .   (no cloak)
rCorr   .          Rampage  .   (gloves unavailable)
Will    .....                   (boots unavailable)
Stlth   ++........              (no amulet)
HPRegen 0.92/turn               (no ring)
MPRegen 0.08/turn               (no ring)

@: lethally poisoned (-3 -> -6), hasted, very quick
A: large, unfitting armour, claws 3, regeneration 1, shaggy fur 1, tough skin 1,
dopey 1, devolution 2
a: no special abilities


You were on level 2 of the Dungeon.
You visited 1 branch of the dungeon, and saw 2 of its levels.

You collected 42 gold pieces.

Inventory:

Missiles
 h - 26 stones (quivered)
Armour
 a - a +0 robe (worn)
Scrolls
 b - a scroll of identify
Potions
 d - a potion of might {unknown}
 e - a potion of curing {unknown}
 g - a potion of resistance {unknown}


   Skills:
 + Level 2.6 Fighting
 * Level 1.0 Throwing
 + Level 2.6 Dodging
 - Level 1.0 Stealth
 + Level 0.5 Shields
 * Level 3.3 Unarmed Combat


You had 2 spell levels left.
You didn't know any spells.
Your spell library was empty.

Dungeon Overview and Level Annotations

Branches:
Dungeon (2/15)

Altars:


Innate Abilities, Weirdness & Mutations

You are too large for most types of armour.
You have claws for hands.
Your natural rate of healing is unusually fast.
You are covered in fur. (AC +1)
You have tough skin. (AC +1)
You are dopey. (Int -2)
You have terrible hidden genetic defects.


Message History

You open the door.
A ball python comes into view.
There is an open door here.
Found 19 gold pieces.
The helpless ball python fails to defend itself.
You claw the ball python!
You kill the ball python!
Found a whip. 2 gnolls come into view.
The gnoll shouts!
You hear a shout! 2 gnolls come into view.
A gnoll is wielding a +0 whip of venom.
The gnoll shouts!
The gnoll shouts!
The gnoll barely misses you.
You claw the gnoll!
The gnoll is severely wounded.
The gnoll throws a throwing net.
The throwing net hits you.
You become entangled in the net!
The gnoll hits you with a +0 flail.
You are held in a net!
You are held in a net!
You struggle against the net.
The gnoll barely misses you. The gnoll hits you with a +0 flail.
You struggle against the net.
The gnoll hits you with a +0 club. The gnoll hits you with a +0 flail.
The gnoll hits you from afar with a +0 spear.
You struggle against the net.
The gnoll hits you with a +0 club! The gnoll hits you but does no damage.
The gnoll barely misses you.
You shred the net and break free! The gnoll hits you but does no damage.
The gnoll barely misses you.
The gnoll hits you from afar with a +0 spear.
* * * LOW HITPOINT WARNING * * *
Okay, then.
You feel yourself speed up.
The gnoll hits you with a +0 whip of venom.
* * * LOW HITPOINT WARNING * * *
You are poisoned.
The gnoll barely misses you. The gnoll hits you with a +0 flail!
* * * LOW HITPOINT WARNING * * *
The gnoll hits you from afar with a +0 spear.
You die...

..........+.....'.+..
..........#.....###..
........###..........
...>...####'##...... #
.....##...##...... ...
#...##...##......
#...####..$##...++......
#...)............#......
#.....g@.........#......
#.....gg###...†..#......
#....g..+........#......
+..#....#........#......
##......+....#####......
.......#..... #.....#.
..............# #.....#.
........###... #.....#'
.###...###.......


You could see 4 gnolls.

Vanquished Creatures
  An adder (D:2)
  A worm (D:2)
  A bat (D:1)
  2 endoplasms (D:2)
  A goblin (D:1)
  A hobgoblin (D:2)
  A quokka (D:1)
  3 ball pythons
  A frilled lizard (D:1)
  6 kobolds (D:1)
  2 rats (D:1)
20 creatures vanquished.

Notes
Turn   | Place    | Note
-------+----------+-------------------------------------------
     0 | D:1      | adizb the Troll Monk began the quest for the Orb.
     0 | D:1      | Reached XP level 1. HP: 22/22 MP: 0/0
    86 | D:1      | Found a faded altar of an unknown god.
   412 | D:1      | Reached XP level 2. HP: 29/29 MP: 1/1
  1060 | D:2      | Reached skill level 1 in Throwing
  1060 | D:2      | Reached XP level 3. HP: 32/36 MP: 2/2
  1165 | D:2      | Gained mutation: You have hidden genetic defects. [potion
                  | of mutation]
  1165 | D:2      | Gained mutation: You are dopey. (Int -2) [potion of
                  | mutation]
  1165 | D:2      | Gained mutation: You have terrible hidden genetic defects.
                  | [potion of mutation]
  1221 | D:2      | HP: 1/36 [gnoll/+0 flail (8)]
  1221 | D:2      | Slain by a gnoll

Illustrated notes

Levels and vault maps discovered:
D:1:      scummos_arrival_simple_crosswalls, layout_basic,
          shapermc_ecumenical_altar_venn, hangedman_decor_clover_reticule
D:2:      layout_basic

Skill      XL: |  1  2 |
---------------+-------+-----
Throwing       | 1 |  1.0
Fighting       | |  2.6
Dodging        | |  2.6
Stealth        | |  1.0
Shields        | |  0.5
Unarmed Combat | |  3.3

Action                   || total
-------------------------++-------
Melee: Unarmed           ||    43
       Punch             ||     1
  Use: Scroll            ||     2
       Potion            ||     2
 Stab: Sleeping          ||     3
Armor: Robe              ||    15
Dodge: Dodged            ||    29
